 Dungeon Crawl Stone Soup version 0.32-a0-656-g3542139ebd (webtiles) character file.

Game seed: 134914045008956900

14 AvisFlyer the Changeling (level 2, 0/31 HPs)
             Began as a Merfolk Shapeshifter on Mar 8, 2024.
             Constricted to death by a ball python (2 damage)
             ... on level 1 of the Dungeon.
             The game lasted 00:07:19 (320 turns).

AvisFlyer the Changeling (Merfolk Shapeshifter)      Turns: 320, Time: 00:07:24

Health: 0/31       AC: 21    Str: 14    XL:     2   Next: 45%
Magic:  2/2        EV:  2    Int:  9    God:
Gold:   24         SH:  0    Dex: 13    Spells: 1/1 levels left

rFire   . .          .
                       - Unarmed
rCold   . . .        (no shield)
rNeg    . . .        a - melded +0 animal skin
rPois   +            (helmet currently unavailable)
rElec   .            (cloak currently unavailable)
rCorr   .            (gloves currently unavailable)
SInv    .            (boots currently unavailable)
Will    .....        (no amulet)
Stlth   +            (no ring)
HPRegen 0.25/turn    (no ring)
MPRegen 0.08/turn

%: no passive effects
@: tree-form, constricted
A: stationary, stasis, torment immunity, boosted hp, (nimble swimmer 2),
(mertail)
a: no special abilities


You were on level 1 of the Dungeon.
You were a tree.
You visited 1 branch of the dungeon, and saw 1 of its levels.

You collected 24 gold pieces.

Inventory:

Hand Weapons
 e - a +0 short sword
 g - a +0 dagger
 h - a +0 dagger
Missiles
 f - 3 stones (quivered)
Armour
 a - a +0 animal skin (melded)
Jewellery
 i - an amulet of guardian spirit
Talismans
 c - a beast talisman (active)
 d - a flux talisman


   Skills:
 + Level 1.1 Fighting
 + Level 2.8 Dodging
 + Level 3.7 Unarmed Combat
 + Level 4.4 Shapeshifting


You had one spell level left.
You didn't know any spells.
Your spell library was empty.

Dungeon Overview and Level Annotations

Branches:
Dungeon (1/15)

Altars:


Innate Abilities, Weirdness & Mutations

You are a tree.
Your roots penetrate the ground, keeping you stationary.
You cannot be teleported.
You are immune to unholy pain and torment.
Your maximum health is greatly increased.
Your equipment is partially melded.
((You are very nimble when in or above water. (Stealth+, EV+, Speed+++)))
((Your lower body shifts to a powerful aquatic tail in water.))


Message History

You cannot move.
You cannot move.
You cannot move.
You cannot move.
You cannot move.
You cannot move.
You cannot move.
You cannot move.
You cannot move.
You cannot move.
You cannot move.
You cannot move.
You cannot move.
You cannot move.
You cannot move.
You cannot move.
Unknown command.
You cannot move.
You cannot move.
You cannot move.
You cannot move.
You start putting on your amulet.
You continue putting on your amulet of guardian spirit.
The goblin hits you but does no damage. The rat bites you but does no damage.
The ball python bites you but does no damage.
The ball python constricts you.
You continue putting on your amulet of guardian spirit.
The endoplasm hits you but does no damage.
The goblin hits you but does no damage. The rat bites you but does no damage.
The ball python bites you but does no damage.
The ball python constricts you.
You continue putting on your amulet of guardian spirit.
The ball python bites you but does no damage.
The ball python constricts you.
The endoplasm hits you but does no damage.
The goblin barely misses you. The rat bites you but does no damage.
You continue putting on your amulet of guardian spirit.
The ball python bites you but does no damage.
The ball python constricts you.
You die...

#####.......###.#......###
#.........###.##......#
#.........#.#..†......#
#........##.####......#
#...........†.....##....
#########'#######.######
#.....######.#
#..r)........#
#.♣†...#..####
#gJS.#.....# #....####...
........ .. #.....=... .
#.........# #.........#
#..........


You could see an endoplasm, a goblin, a ball python and a rat.

Vanquished Creatures
  A bat (D:1)
  An endoplasm (D:1)
  3 goblins (D:1)
  A hobgoblin (D:1)
  3 ball pythons (D:1)
  A frilled lizard (D:1)
  2 kobolds (D:1)
  3 rats (D:1)
15 creatures vanquished.

Notes
Turn   | Place    | Note
-------+----------+-------------------------------------------
     0 | D:1      | AvisFlyer the Merfolk Shapeshifter began the quest for the
                  | Orb.
     0 | D:1      | Reached XP level 1. HP: 15/15 MP: 1/1
   208 | D:1      | Reached XP level 2. HP: 21/21 MP: 2/2
   307 | D:1      | HP: 1/21 [rat (2)]
   316 | D:1      | HP: 1/31 [constriction (2)]
   320 | D:1      | Constricted to death by a ball python

Illustrated notes

Levels and vault maps discovered:
D:1:      sevenhm_arrival_forest_fort_large_4, layout_basic,
          dreamdust_ecumenical_altar_hidden_monk_grotto, serial_park_tiny_pond

Action                     || total
---------------------------++-------
  Melee: Unarmed           ||    37
         Punch             ||     2
    Use: Potion            ||     1
 Armour: Animal skin       ||    35
         Skin              ||    58
  Dodge: Dodged            ||    33

Table legend: (Time is in decaauts)
 A = Elapsed time spent in this place.
 B = Non-inter-level travel time spent in this place.
 C = Inter-level travel time spent in this place.
 D = Time resting spent in this place.
 E = Time spent auto-exploring this place.
 F = Levels seen in this place.
 G = Mean time per level.
                   A        B        C        D        E       F      G
               +--------+--------+--------+--------+--------+-----+--------+
         Total |    317 |    317 |      0 |      0 |      0 |   1 |  317.0 |
       Dungeon |    317 |    317 |      0 |      0 |      0 |   1 |  317.0 |
               +--------+--------+--------+--------+--------+-----+--------+

Top non-repeatable levels by time:
     D:1: 317 daAuts
